 Dungeon Crawl Stone Soup version 0.18-b1-22-ge198996 (webtiles) character file.

2835 Northaan the Cleaver (level 9, -3/79 HPs)
             Began as a Hill Orc Fighter on May 3, 2016.
             Was a Follower of Qazlal.
             Slain by Erica
             ... wielding a +3 scimitar of flaming
              (7 damage)
             ... on level 8 of the Dungeon.
             The game lasted 00:14:38 (7764 turns).

Northaan the Cleaver (Hill Orc Fighter)             Turns: 7764, Time: 00:14:39

Health: -3/79      AC: 16    Str: 22    XL:     9   Next: 73%
Magic:  11/11      EV:  6    Int:  8    God:    Qazlal [*.....]
Gold:   435        SH: 12    Dex: 12    Spells: 0 memorised, 8 levels left

rFire  + . .     SeeInvis .     y - +1 hand axe (chop)
rCold  . . .     Gourm    .     B - +0 plate armour
rNeg   . . .     Faith    .     c - +0 shield
rPois  +         Spirit   .     i - +0 helmet
rElec  .         Dismiss  .     F - +0 cloak
rCorr  +         Reflect  .     K - +0 pair of gloves
SustAt .         Harm     .     (no boots)
MR     .....                    N - amulet of the Forgotten Beds {+Rage rPois rF+ Str+2}
Stlth  ..........               u - ring of resist corrosion
                                h - ring of wizardry

@: not resistant to hostile enchantments, extremely unstealthy
A: no striking features
a: Renounce Religion, Evoke Berserk Rage


You were on level 8 of the Dungeon.
You worshipped Qazlal.
Qazlal was aware of your devotion.
You were not hungry.

You visited 2 branches of the dungeon, and saw 9 of its levels.
You also visited: Ossuary.

You collected 435 gold pieces.

Inventory:

Hand Weapons
 a - a +0 war axe
 y - a +1 hand axe of chopping (weapon)
Armour
 b - a +0 scale mail
 c - a +0 shield (worn)
 i - a +0 helmet (worn)
 B - a +0 plate armour (worn)
 E - a +0 scale mail of fire resistance
 F - a +0 cloak (worn)
 K - a +0 pair of gloves (worn)
Jewellery
 h - a ring of wizardry (left hand)
 u - a ring of resist corrosion (right hand)
 D - an uncursed amulet of dismissal
 N - the amulet of the Forgotten Beds (around neck) {+Rage rPois rF+ Str+2}
   (You found it on level 7 of the Dungeon)

   [amulet of rage]

   It affects your strength (+2).
   It protects you from fire.
   It protects you from poison.
   It lets you go berserk.
Wands
 s - a wand of random effects (22/48)
 O - a wand of iceblast (11/15)
 P - a wand of acid (3/15)
Scrolls
 g - 7 scrolls of remove curse
 l - a scroll of magic mapping {unknown}
 m - 7 scrolls of identify
 n - 7 scrolls of teleportation {unknown}
 t - 11 scrolls of random uselessness {unknown}
 v - 3 scrolls of enchant weapon {unknown}
 x - 3 scrolls of immolation {unknown}
 z - a scroll of vulnerability {unknown}
 G - a scroll of summoning {unknown}
 I - a scroll of noise {unknown}
 J - 2 scrolls of fog {unknown}
Potions
 d - a potion of mutation {unknown}
 e - 3 potions of lignification {unknown}
 k - 2 potions of flight {unknown}
 o - 2 potions of heal wounds {unknown}
 p - 6 potions of brilliance {unknown}
 q - 2 potions of invisibility
 w - a potion of degeneration {unknown}
 A - 2 potions of resistance {unknown}
 C - 3 potions of curing
 H - a potion of cure mutation {unknown}
 L - a potion of cancellation {unknown}
 M - a potion of berserk rage {unknown}
Comestibles
 f - 9 bread rations
 j - 3 meat rations
 r - 4 beef jerkies


   Skills:
 + Level 7.2 Fighting
 * Level 9.1 Axes
 + Level 1.9 Throwing
 + Level 6.6 Armour
 + Level 3.9 Dodging
 + Level 6.6 Shields
 + Level 2.5 Invocations
 + Level 2.8 Evocations


You had 8 spell levels left.
You didn't know any spells.

Dungeon Overview and Level Annotations

Branches:
Dungeon (8/15)             Temple (1/1) D:7
   Lair: D:8-11

Altars:
Ashenzari
Cheibriados
Dithmenos
Elyvilon
Fedhas
Gozag
Kikubaaqudgha
Makhleb
Nemelex Xobeh
Okawaru
Pakellas
Qazlal
Ru
Sif Muna
Trog
Vehumet
Xom
The Shining One

Shops:
D:4 :*([   D:8 (

Annotations:
D:6 Prince Ribbit
D:8 Erica


Message History

You miss something. Something hits you!
* * * LOW HITPOINT WARNING * * *
Something burns you.
* * * LOW HITPOINT WARNING * * *
You closely miss something.
You hear some strange, mumbled words.
A bolt of poison appears from out of thin air!
The bolt of poison hits you! You resist.
* * * LOW HITPOINT WARNING * * *
You closely miss something. You hit something. Something hits you.
* * * LOW HITPOINT WARNING * * *
You hit something. You block something's attack.
You hit something. Something hits you.
* * * LOW HITPOINT WARNING * * *
You completely miss something. You slash something!
Something hits you but does no damage.
You closely miss something. Something hits you but does no damage.
You hit something. Something hits you!
You die...

....# #. #.
#.######..... .##.#
###.##.#####...#........
.##.#
..........##.......#####
.##.#
..............#.#### #
....#
..........##..†......#
###.#
..........##.........#
###
........).##.........#
........%†##.........#
.......@{.##.........#
..........##.........#
..........############
..........# ..........#
..........# ...........
..........#.


There were no monsters in sight!

Vanquished Creatures
  A spriggan (D:7)
  A wyvern (D:8)
  Sigmund (D:3)
  2 hippogriffs
  An orc warrior (D:6)
  An ogre (D:8)
  3 centaurs
  4 giant frogs
  2 scorpions
  3 wights (D:8)
  A giant frog zombie (D:7)
  2 centaur zombies
  2 jellies
  4 crimson imps
  3 hounds
  3 orc priests
  3 orc wizards
  A giant frog skeleton (D:5)
  Natasha (twice) (D:4)
  3 worker ants
  A hound skeleton (D:7)
  4 mummies (Ossuary)
  10 adders
  A shadow imp (D:4)
  An ooze (D:2)
  An adder zombie (D:6)
  A worm (D:4)
  A dart slug (D:3)
  5 giant geckos
  10 orcs
  2 giant cockroaches
  3 gnoll zombies (Ossuary)
  8 goblins
  7 hobgoblins
  10 jackals
  3 quokkas
  A ball python (D:1)
  2 bats (D:1)
  A giant gecko skeleton (D:7)
  5 giant newts
  A goblin zombie (Ossuary)
  A hobgoblin zombie (Ossuary)
  6 kobolds
  2 kobold zombies (Ossuary)
  A quokka skeleton (D:4)
  5 rats
136 creatures vanquished.

Vanquished Creatures (others)
  Natasha (D:4)
1 creature vanquished.

Grand Total: 137 creatures vanquished

Notes
Turn   | Place    | Note
--------------------------------------------------------------
     0 | D:1      | Northaan the Hill Orc Fighter began the quest for the Orb.
     0 | D:1      | Reached XP level 1. HP: 19/19 MP: 1/1
   175 | D:1      | Reached XP level 2. HP: 27/27 MP: 2/2
   257 | D:1      | Reached skill level 1 in Dodging
   766 | D:2      | Reached skill level 3 in Axes
   804 | D:2      | Reached XP level 3. HP: 33/33 MP: 3/3
   997 | D:2      | Reached XP level 4. HP: 30/40 MP: 4/4
  1132 | D:2      | Found a radiant altar of Vehumet.
  1203 | D:2      | Found a shadowy altar of Dithmenos.
  1761 | D:3      | Found a shimmering altar of Xom.
  2025 | D:3      | Noticed Sigmund
  2096 | D:3      | Killed Sigmund
  2096 | D:3      | Reached skill level 5 in Fighting
  2096 | D:3      | Reached XP level 5. HP: 48/48 MP: 5/5
  2096 | D:3      | Reached XP level 6. HP: 56/56 MP: 6/6
  2420 | D:4      | Reached skill level 4 in Axes
  2538 | D:4      | Found Kidaogo's Assorted Antiques.
  2562 | D:4      | Found Caavu's Antique Weapon Shoppe.
  2565 | D:4      | Found an opulent altar of Gozag.
  2653 | D:4      | Noticed Natasha
  2655 | D:4      | Got a sapphire quarterstaff
  2656 | D:4      | Found Othin's Antique Armour Boutique.
  2660 | D:4      | Killed Natasha
  2663 | D:4      | Identified the +9 quarterstaff of Dim Light {flame, *Drain +Inv rPois MR+} (You found it on level 4 of the Dungeon)
  2807 | D:4      | Found Hyejas's Book Boutique.
  2964 | D:4      | Noticed Natasha
  2979 | D:4      | Killed Natasha
  3025 | D:4      | Found a sand-covered staircase.
  3029 | Ossuary  | Entered an ossuary
  3129 | Ossuary  | Reached XP level 7. HP: 61/61 MP: 7/7
  3477 | Ossuary  | Reached skill level 5 in Axes
  3605 | D:4      | Noticed Natasha
  3611 | D:4      | Killed Natasha
  4007 | D:5      | Entered Level 5 of the Dungeon
  4070 | D:5      | Found a deep blue altar of Sif Muna.
  4121 | D:5      | Reached skill level 5 in Armour
  4121 | D:5      | Reached skill level 5 in Shields
  4142 | D:5      | Noticed a hippogriff
  4149 | D:5      | Killed a hippogriff
  4149 | D:5      | Reached skill level 6 in Axes
  4149 | D:5      | Reached XP level 8. HP: 59/70 MP: 8/8
  5409 | D:6      | Reached skill level 7 in Axes
  5611 | D:6      | Found a sparkling altar of Nemelex Xobeh.
  5614 | D:6      | Found a bloodstained altar of Trog.
  5614 | D:6      | Found an oddly glowing altar of Pakellas.
  5614 | D:6      | Found a white marble altar of Elyvilon.
  5841 | D:6      | Noticed Prince Ribbit
  6168 | D:7      | Got a flickering amethyst amulet
  6210 | D:7      | Identified the amulet of the Forgotten Beds {+Rage rPois rF+ Str+2} (You found it on level 7 of the Dungeon)
  6348 | D:7      | Noticed a spriggan baker
  6362 | D:7      | Killed a spriggan baker
  6457 | D:7      | Found a staircase to the Ecumenical Temple.
  6470 | D:7      | Reached skill level 1 in Evocations
  6478 | Temple   | Entered the Ecumenical Temple
  6509 | Temple   | Became a worshipper of Qazlal Stormbringer
  6575 | D:7      | Reached XP level 9. HP: 79/79 MP: 8/10
  6715 | D:7      | Reached skill level 8 in Axes
  6743 | D:7      | Found an iron altar of Okawaru.
  6910 | D:7      | Reached skill level 1 in Invocations
  7259 | D:8      | Found Roczoiso's Antique Weapon Shoppe.
  7259 | D:8      | Found a snail-covered altar of Cheibriados.
  7331 | D:8      | Reached skill level 1 in Throwing
  7347 | D:8      | Found a sacrificial altar of Ru.
  7730 | D:8      | Noticed Erica
  7734 | D:8      | Reached skill level 9 in Axes
  7741 | D:8      | Reached * piety under Qazlal
  7760 | D:8      | HP: 3/79 [something (3)]
  7764 | D:8      | Slain by Erica

Skill      XL: |  1  2  3  4  5  6  7  8  9 |
---------------+----------------------------+-----
Dodging        | 1 2 3 |  3.9
Axes           | 3 4 6 7 9 |  9.1
Fighting       | 4 5 7 |  7.2
Shields        | 4 5 6 |  6.6
Armour         | 4 5 6 |  6.6
Evocations     | 1 2 |  2.8
Invocations    | 2 |  2.5
Throwing       | 1 |  1.9

Action                   |  1- 3 |  4- 6 |  7- 9 || total
-------------------------+-------+-------+-------++-------
Melee: War axe           |   109 |   161 |    61 ||   331
       Quarterstaff      |       |     1 |       ||     1
       Hand axe          |       |       |   309 ||   309
 Abil: Evoke Berserk Rag |       |       |     1 ||     1
Evoke: Wand              |       |     6 |       ||     6
  Use: Potion            |       |     3 |     1 ||     4
       Scroll            |       |     2 |     2 ||     4
 Stab: Invisible         |       |     2 |       ||     2
  Eat: Chunk             |       |     7 |    10 ||    17
       Fruit             |       |       |     2 ||     2
       Pizza             |       |       |     1 ||     1
       Meat ration       |       |       |     1 ||     1
Armor: Scale mail        |    60 |    63 |    77 ||   200
       Plate armour      |       |       |    53 ||    53
Dodge: Dodged            |    42 |    68 |   103 ||   213
Block: Shield            |    71 |    78 |   163 ||   312
